 Dungeon Crawl Stone Soup version 0.25-a0-829-g4e6a552925 (webtiles) character file.

Game seed: 10694028199653369299, levelgen mode: deterministic

51 kae the Gusty (level 3, 0/28 HPs)
             Began as a Tengu Air Elementalist on Apr 21, 2020.
             Succumbed to an adder's poison
             ... on level 2 of the Dungeon.
             The game lasted 00:01:39 (1369 turns).

kae the Gusty (Tengu Air Elementalist)              Turns: 1369, Time: 00:01:39

Health: 0/28       AC: 21    Str:  8    XL:     3   Next: 81%
Magic:  1/7        EV:  2    Int: 16    God:
Gold:   41         SH:  0    Dex: 14    Spells: 6/7 levels left

rFire    . . .     SeeInvis .   b - +0 whip
rCold    . . .     Gourm    .   (no shield)
rNeg     + + +     Faith    .   (armour currently unavailable)
rPois    +         Spirit   .   (helmet currently unavailable)
rElec    .         Reflect  .   (cloak currently unavailable)
rCorr    .         Harm     .   (gloves currently unavailable)
MR       .....     NoTele   +   (boots unavailable)
Stlth    ++........             (no amulet)
HPRegen  0.09/turn              (no ring)
MPRegen  0.10/turn              (no ring)

@: lethally poisoned (0 -> -3), tree-form, berserk cooldown, slowed, very slow
A: no striking features
a: no special abilities


You were on level 2 of the Dungeon.
You were not hungry.
You were a tree.
You visited 1 branch of the dungeon, and saw 2 of its levels.

You collected 41 gold pieces.

Inventory:

Hand Weapons
 b - a +0 whip (weapon)
Armour
 a - a +1 robe (melded)
Scrolls
 f - a scroll of immolation
Potions
 e - a potion of lignification
Comestibles
 c - 2 rations


   Skills:
 - Level 2.1 Dodging
 - Level 2.0 Stealth
 + Level 2.5 Spellcasting
 * Level 3.5 Conjurations
 + Level 4.6 Air Magic


You had 6 spell levels left.
You knew the following spells:

 Your Spells              Type           Power        Failure   Level  Hunger
a - Shock                 Conj/Air       ##..         3%          1    #......

Your spell library contained the following spells:

 Spells                   Type           Power        Failure   Level  Hunger
 Static Discharge         Conj/Air       ##......     11%         3    ###....
 Swiftness                Chrm/Air       #.......     12%         2    ##.....
 Airstrike                Air            ###.......   28%         4    #####..
 Lightning Bolt           Conj/Air       ##........   71%         5    ######.


Dungeon Overview and Level Annotations

Branches:
Dungeon (2/15)

Altars:


Innate Abilities, Weirdness & Mutations

((You have a beak for a mouth.))
((You have claws for feet.))


Message History

You cannot move.
You start resting.
* * * LOW HITPOINT WARNING * * *
You feel sick.
You start resting.
You feel a strong urge to attack something.
You are too berserk!
You feel your anger nearly subside.
You are no longer berserk.
You are exhausted.
You feel yourself slow down.
* * * LOW HITPOINT WARNING * * *
You feel sick.
There is a lethal amount of poison in your body!
There is a lethal amount of poison in your body!
There is a lethal amount of poison in your body!
* * * LOW HITPOINT WARNING * * *
You feel sick.
There is a lethal amount of poison in your body!
There is a lethal amount of poison in your body!
You die...

.# .. ############
#### .....##...###....
#. ####..##.#.#.b....
#. #.#.)....#.#......
#. #.#.######.#......
#. #♣#.# #.#...... #.
#)#.# #.#.....#
#.###...# #.#######
...###.......#
#......#
......)†..†..#
######.#
...###..####.#######.#
#.# #..#
..........###.## .....
........<.......
.....#
.#.#.###########


There were no monsters in sight!

Vanquished Creatures
  An adder (D:2)
  A dart slug (D:1)
  A leopard gecko (D:1)
  5 giant cockroaches (D:1)
  4 goblins
  4 hobgoblins (D:1)
  5 jackals (D:1)
  3 bats (D:1)
  A frilled lizard (D:1)
  6 kobolds
  4 rats
35 creatures vanquished.

Notes
Turn   | Place    | Note
-------+----------+-------------------------------------------
     0 | D:1      | kae the Tengu Air Elementalist began the quest for the Orb.
     0 | D:1      | Reached XP level 1. HP: 10/10 MP: 4/4
   101 | D:1      | Reached XP level 2. HP: 15/15 MP: 3/6
   721 | D:1      | Reached XP level 3. HP: 9/19 MP: 0/7
  1367 | D:2      | HP: 1/28 [poisoned by an adder]
  1369 | D:2      | Succumbed to an adder's poison

Levels and vault maps discovered:
D:1:      kennysheep_arrival_forest, layout_loops_corners,
          minmay_misc_feat_columns, minmay_hexomino_u4
D:2:      layout_loops_ring, serial_co_window_serial, co_window_paths_a,
          co_window_corner_a, co_window_paths_b, co_window_paths_b,
          co_window_paths_b, co_window_corner_b, co_window_of_opportunity_b,
          co_window_corner_cb, co_window_4corner_b, glass_columns_a,
          first_ration, uniq_robin

Skill      XL: |  1  2  3 |
---------------+----------+-----
Conjurations   | 2 3 |  3.5
Dodging        | |  2.1
Stealth        | |  2.0
Spellcasting   | |  2.5
Air Magic      | |  4.6

Action                   || total
-------------------------++-------
Melee: Whip              ||    74
       Peck              ||     9
       Kick              ||    12
 Cast: Shock             ||    46
  Use: Scroll            ||     3
       Potion            ||     3
 Stab: Sleeping          ||     1
  Eat: Chunk             ||     2
Armor: Robe              ||    15
       Skin              ||     3
Dodge: Dodged            ||    73

Table legend:
 A = Non-vault XP
 B = Vault XP
 C = Vault XP percentage of total XP
 D = Non-vault monster count
 E = Vault monster count
 F = Vault count percentage of total count
                 A         B        C        D         E       F
            +---------+---------+-------+---------+---------+-------
      Total |      66 |       7 |   9.6 |      31 |       4 |  11.4
            +---------+---------+-------+---------+---------+-------
        D:1 |      45 |       7 |  13.5 |      25 |       4 |  13.8
        D:2 |      21 |       0 |   0.0 |       6 |       0 |   0.0
            +---------+---------+-------+---------+---------+-------
